 Dungeon Crawl Stone Soup version 0.31-a0-986-g5e6e4ef867 (webtiles) character file.

Game seed: 12795821480514624368

57 Danienth the Grave Robber (level 3, 0/26 HPs)
             Began as a Demonspawn Necromancer on Nov 11, 2023.
             Succumbed to an adder's poison
             ... on level 2 of the Dungeon.
             The game lasted 00:12:42 (1370 turns).

Danienth the Grave Robber (Demonspawn Necromancer)  Turns: 1370, Time: 00:12:43

Health: 0/26       AC:  2    Str:  8    XL:     3   Next: 73%
Magic:  7/7        EV: 12    Int: 18    God:
Gold:   37         SH:  5    Dex: 13    Spells: 6/7 levels left

rFire   . . .        b - +3 dagger (drain)
rCold   . . .        j - orb {mayhem}
rNeg    . . .        a - +0 robe
rPois   .            (no helmet)
rElec   .            (no cloak)
rCorr   .            (no gloves)
SInv    .            (no boots)
Will    .....        i - amulet of reflection
Stlth   +            (no ring)
HPRegen 0.24/turn    (no ring)
MPRegen 0.10/turn

%: mayhem, reflection
@: lethally poisoned (0 -> -2), silenced
A: claws 1
a: no special abilities


You were on level 2 of the Dungeon.
You visited 1 branch of the dungeon, and saw 2 of its levels.

You collected 37 gold pieces.

Inventory:

Hand Weapons
 b - a +3 dagger of draining (weapon)
 d - a +0 short sword
Missiles
 e - 5 atropa-tipped darts
 l - 5 boomerangs
Armour
 a - a +0 robe (worn)
 j - an orb of mayhem (worn)
Jewellery
 i - an amulet of reflection (around neck)
Scrolls
 f - a scroll of teleportation
 n - a scroll of identify {unknown}
 o - a scroll of fear {unknown}
Potions
 c - a potion of enlightenment {unknown}
 h - 2 potions of curing {unknown}
 k - 2 potions of heal wounds {unknown}


   Skills:
 - Level 1.0 Fighting
 * Level 1.7 Short Blades
 - Level 2.0 Dodging
 - Level 2.0 Stealth
 + Level 2.8 Spellcasting
 - Level 4.3 Necromancy


You had 6 spell levels left.
You knew the following spells:

 Your Spells              Type           Power      Damage    Failure   Level
a - Necrotise             Necr           72%        1d7       2%          1

Your spell library contained the following spells:

 Spells                   Type           Power      Damage    Failure   Level
 Vampiric Draining        Necr           18%        2d7       9%          3
 Lesser Beckoning         Tloc           4%         N/A       26%         2
 Animate Dead             Necr           18%        N/A       26%         4
 Gell's Gravitas          Tloc           2%         N/A       45%         3
 Teleport Other           Tloc           2%         N/A       45%         3
 Agony                    Necr           18%        N/A       58%         5


Dungeon Overview and Level Annotations

Branches:
Dungeon (2/15)

Altars:

Annotations:
D:2 Sigmund


Innate Abilities, Weirdness & Mutations

You have sharp fingernails.


Message History

Your +2 dagger of draining glows red for a moment.
As you read the scroll labelled DURAGY CYRAGO, it crumbles to dust.
A profound silence engulfs you.
It was a scroll of silence.
An adder comes into view.
Sigmund zaps a wand.
You resist with significant effort.
The adder moves out of view.
Sigmund completely misses you.
You barely miss the adder. The adder bites you.
You are poisoned.
The adder poisons you!
You hit the adder.
The adder is moderately wounded.
You feel sick. The adder barely misses you. Sigmund closely misses you.
You hit the adder. You drain the adder.
The adder is severely wounded.
The adder barely misses you.
Sigmund hits you from afar with a +0 scythe.
You closely miss the adder.
The adder is severely wounded.
You feel sick. The adder bites you but does no damage. The adder misses you.
You miss the adder.
The adder is severely wounded.
You feel sick.
Your rat skeleton bites the adder.
Sigmund hits you from afar with a +0 scythe!
* * * LOW HITPOINT WARNING * * *
The adder barely misses you.
You feel sick.
Your rat skeleton misses the adder.
You feel sick.
You are no longer poisoned.
The adder attacks as it pursues you! You block the adder's attack.
You miss the adder.
The adder is severely wounded.
The adder bites you.
* * * LOW HITPOINT WARNING * * *
You are poisoned.
The adder poisons you! The adder bites you.
* * * LOW HITPOINT WARNING * * *
You barely miss the adder.
The adder is severely wounded.
You die...

............##
#.....~~.....##
#....~~......
##..........##
#...~....~...#
#............#
#..[...Z@....#
#....#.S#....#
.##...##@#######
#.#.##......#
.#.##...####
..#.##.....# ##
....###.##### .
#...........#
###+####..##.###.#
..........##.#
#.........##.#


You could see Sigmund, an adder (very drained, ally target) and a friendly rat
skeleton.

Vanquished Creatures
  An adder (D:2)
  A dart slug (D:2)
  4 ball pythons (D:1)
  2 bats
  An endoplasm (D:1)
  A giant cockroach (D:1)
  3 goblins
  2 hobgoblins
  3 jackals (D:1)
  8 kobolds
  A quokka (D:1)
  A frilled lizard (D:2)
  8 rats
36 creatures vanquished.

Vanquished Creatures (collateral kills)
  A dart slug (D:1)
  An endoplasm (D:1)
  A quokka (D:2)
  A ball python (D:1)
  A frilled lizard (D:1)
  A rat (D:2)
6 creatures vanquished.

Grand Total: 42 creatures vanquished

Notes
Turn   | Place    | Note
-------+----------+-------------------------------------------
     0 | D:1      | Danienth the Demonspawn Necromancer began the quest for the
                  | Orb.
     0 | D:1      | Reached XP level 1. HP: 13/13 MP: 3/3
   143 | D:1      | Gained mutation: You have sharp fingernails. [demonic
                  | ancestry]
   143 | D:1      | Reached XP level 2. HP: 20/20 MP: 3/5
   533 | D:1      | Reached skill level 1 in Fighting
   621 | D:1      | Reached XP level 3. HP: 23/26 MP: 1/6
   696 | D:1      | Reached skill level 1 in Short Blades
  1352 | D:2      | Noticed Sigmund
  1369 | D:2      | HP: 1/26 [adder (2)]
  1370 | D:2      | Succumbed to an adder's poison

Illustrated notes

Levels and vault maps discovered:
D:1:      lordsloth_arrival_two_stooges, layout_rooms, minmay_misc_feat_tower
D:2:      layout_basic, chequers_serial_rivers_room_b, skrybe_limestone_x,
          uniq_sigmund

Skill      XL: |  1  2  3 |
---------------+----------+-----
Stealth        | 2 |  2.0
Dodging        | 2 |  2.0
Fighting       | 1 |  1.0
Short Blades   | 1 |  1.7
Spellcasting   | |  2.8
Necromancy     | |  4.3

Action                     || total
---------------------------++-------
  Melee: Short sword       ||     8
         Dagger            ||    13
   Cast: Necrotise         ||    60
    Use: Potion            ||     1
         Scroll            ||     3
 Armour: Robe              ||    26
  Dodge: Dodged            ||    37
  Block: Orb               ||     5

Table legend: (Time is in decaauts)
 A = Elapsed time spent in this place.
 B = Non-inter-level travel time spent in this place.
 C = Inter-level travel time spent in this place.
 D = Time resting spent in this place.
 E = Time spent auto-exploring this place.
 F = Levels seen in this place.
 G = Mean time per level.
                   A        B        C        D        E       F      G
               +--------+--------+--------+--------+--------+-----+--------+
         Total |   1370 |   1348 |     22 |    206 |    903 |   2 |  685.0 |
       Dungeon |   1370 |   1348 |     22 |    206 |    903 |   2 |  685.0 |
               +--------+--------+--------+--------+--------+-----+--------+

Top non-repeatable levels by time:
     D:1: 918 daAuts
     D:2: 452 daAuts
